 Dungeon Crawl Stone Soup version 0.21-a0-113-g6841d05 (webtiles) character file.

128 Lianjan the Magician (level 4, -6/24 HPs)
             Began as a Deep Elf Fire Elementalist on July 12, 2017.
             Killed from afar by Ijyb (19 damage)
             ... with a wand of lightning (?/15)
             ... on level 3 of the Dungeon.
             The game lasted 00:04:46 (1758 turns).

Lianjan the Magician (Deep Elf Fire Elementalist)   Turns: 1758, Time: 00:04:47

Health: -6/24      AC:  2    Str:  5    XL:     4   Next: 87%
Magic:  3/12       EV: 13    Int: 21    God:
Gold:   76         SH:  0    Dex: 15    Spells: 1/11 levels left

rFire    . . .     SeeInvis .   (no weapon)
rCold    . . .     Gourm    .   (no shield)
rNeg     . . .     Faith    .   a - +0 robe
rPois    .         Spirit   .   (no helmet)
rElec    .         Reflect  .   (no cloak)
rCorr    .         Harm     .   (no gloves)
MR       .....                  (no boots)
Stlth    ++........             (no amulet)
HPRegen  0.08/turn              (no ring)
MPRegen  0.13/turn              (no ring)

@: no status effects
A: no striking features
a: no special abilities


You were on level 3 of the Dungeon.
You were not hungry.

You visited 1 branch of the dungeon, and saw 3 of its levels.

You collected 76 gold pieces.

Inventory:

Missiles
 j - 14 stones (quivered)
Armour
 a - a +0 robe (worn)
Jewellery
 k - a cursed amulet of guardian spirit
 n - an uncursed ring of stealth {unknown}
Scrolls
 e - a scroll of immolation
 h - a scroll of identify
 l - a scroll of remove curse
Potions
 d - a potion of curing {unknown}
 o - a potion of haste {unknown}
Books
 b - a book of Flames

   Spells                             Type                      Level
   a - Flame Tongue                   Conjuration/Fire             1
   b - Throw Flame                    Conjuration/Fire             2
   c - Conjure Flame                  Conjuration/Fire             3
   d - Inner Flame                    Hexes/Fire                   3
   e - Sticky Flame                   Conjuration/Fire             4
   f - Fireball                       Conjuration/Fire             5
Comestibles
 c - 4 bread rations
 f - 2 royal jellies
 i - 4 chunks of flesh
 m - a meat ration
 p - 3 fruits


   Skills:
 + Level 0.5 Fighting
 - Level 2.4 Dodging
 - Level 2.4 Stealth
 + Level 4.2 Spellcasting
 - Level 4.1 Conjurations
 * Level 3.6 Fire Magic


You had one spell level left.
You knew the following spells:

 Your Spells              Type           Power        Failure   Level  Hunger
a - Flame Tongue          Conj/Fire      ###..        2%          1    None
b - Throw Flame           Conj/Fire      ###...       3%          2    #......
c - Conjure Flame         Conj/Fire      ###.....     7%          3    ###....
d - Sticky Flame          Conj/Fire      ###.....     24%         4    ####...


Dungeon Overview and Level Annotations

Branches:
Dungeon (3/15)

Altars:
Okawaru

Annotations:
D:3 Ijyb


Message History

As you read the scroll labeled VIOFAJ FIYVIO, it crumbles to dust.
You hear a loud clanging noise!
It was a scroll of noise.
You hear a shout! x2
Ijyb zaps a wand.
The bolt of lightning misses you. What are your orders? t - Shout!
Orders for allies: a - Attack new target. r - Retreat! s - Stop attacking. g - Guard the area. f - Follow me.
Anything else - Cancel.
Okay, then.
As you read the scroll labeled PYIROCS CAIRI, it crumbles to dust.
It is a scroll of identify.
k - a cursed amulet of guardian spirit
As you read the scroll labeled WIUK OTOHOUNGINTI, it crumbles to dust.
You feel blessed for a moment.
It was a scroll of remove curse.
Ijyb zaps a wand.
The bolt of lightning hits you!
Ouch! That really hurt!
You die...

..#####.# ##### ......#.#
######...###### ..###.#.#
#.............###
..###.#.#
#.###...........#
......#.##.## #.#
#.....###.#.#
###........##.#.# ##...##
#.#.# # #...#.#####.#.#
##.## #.#.# #
#..<#.##...#..#####.#
#.#g# #
#..........##.@.g...#
#.#.# #
#..##..)...#....#######
#.#.# #
#..##......S..........#
#.#.#
###..##..K......#.#####.#
#.# ..^.............#.##
#.# ..##.##...........)#
.....##..........#........
..#.###............####.#.
. #..>............##


You could see Ijyb (inner flame), an adder (wandering) and a kobold (wandering).

Vanquished Creatures
  Jessica (D:3)
  Terence (D:3)
  3 adders
  An ooze (D:2)
  2 worms
  2 leopard geckos
  8 giant cockroaches
  3 goblins
  2 hobgoblins
  2 quokkas (D:2)
  9 bats
  3 frilled lizards
  2 kobolds
  5 rats
44 creatures vanquished.

Notes
Turn   | Place    | Note
-------+----------+-------------------------------------------
     0 | D:1      | Lianjan the Deep Elf Fire Elementalist began the quest for the Orb.
     0 | D:1      | Reached XP level 1. HP: 10/10 MP: 6/6
   255 | D:1      | Reached XP level 2. HP: 15/15 MP: 6/8
   311 | D:1      | You fall through a shaft!
   393 | D:1      | Learned a level 2 spell: Throw Flame
   931 | D:2      | Reached XP level 3. HP: 17/19 MP: 5/10
   967 | D:2      | Learned a level 3 spell: Conjure Flame
  1515 | D:3      | Found an iron altar of Okawaru.
  1515 | D:3      | Noticed Terence
  1520 | D:3      | Killed Terence
  1520 | D:3      | Reached XP level 4. HP: 23/24 MP: 3/11
  1527 | D:3      | Learned a level 4 spell: Sticky Flame
  1691 | D:3      | Noticed Jessica
  1696 | D:3      | Killed Jessica
  1732 | D:3      | Noticed Ijyb
  1758 | D:3      | Killed from afar by Ijyb

Vault maps used:
D:1:      evilmike_arrival_hilbert_curve
D:2:      first_bread
D:3:      minmay_crystal_room, okawaru_ov_weapons_minmay, uniq_jessica,
          uniq_terence, uniq_ijyb

Skill      XL: |  1  2  3  4 |
---------------+-------------+-----
Conjurations   | 2 3 4 |  4.1
Spellcasting   | 4 |  4.2
Fighting       | |  0.5
Dodging        | |  2.4
Stealth        | |  2.4
Fire Magic     | |  3.6

Action                   |  1- 3 |  4- 6 || total
-------------------------+-------+-------++-------
Throw: Stone             |     2 |       ||     2
 Cast: Flame Tongue      |    61 |    16 ||    77
       Throw Flame       |     4 |     2 ||     6
       Conjure Flame     |     1 |     1 ||     2
  Use: Scroll            |       |     4 ||     4
  Eat: Chunk             |     2 |     1 ||     3
Armor: Robe              |     7 |     1 ||     8
Dodge: Dodged            |     7 |     3 ||    10
